 Dungeon Crawl Stone Soup version 0.27-a0-1189-gb8eb6cee8e (webtiles) character file.

Game seed: 17610838216611985426

82 freelancePsychic the Grave Robber (level 4, -2/33 HPs)
             Began as a Demonspawn Necromancer on May 23, 2021.
             Was an Initiate of Gozag.
             Slain by a scorpion (9 damage)
             ... on level 4 of the Dungeon.
             The game lasted 00:06:14 (3717 turns).

freelancePsychic the Grave Robber (DsNe)            Turns: 3717, Time: 00:06:15

Health: -2/33      AC:  3    Str:  7    XL:     4   Next: 21%
Magic:  0/7        EV: 13    Int: 17    God:    Gozag
Gold:   184        SH:  0    Dex: 13    Spells: 3/7 levels left

rFire    + . .     SeeInvis .   d - +0 flail
rCold    + . .     Faith    .   (no shield)
rNeg     . . .     Spirit   .   c - +0 leather armour
rPois    +         Reflect  .   (no helmet)
rElec    +         Harm     .   (no cloak)
rCorr    +         Rampage  .   (no gloves)
Will     .....                  (no boots)
Stlth    ++........             (no amulet)
HPRegen  0.11/turn              (no ring)
MPRegen  0.10/turn              (no ring)

@: resistant
A: hooves 1, repulsion field 1, weak 1
a: Renounce Religion, Potion Petition, Call Merchant, Bribe Branch


You were on level 4 of the Dungeon.
You worshipped Gozag.
Gozag was aware of your devotion.
You visited 1 branch of the dungeon, and saw 4 of its levels.

You collected 211 gold pieces.
You paid 27 gold pieces to Gozag.

Inventory:

Hand Weapons
 d - a +0 flail (weapon)
Missiles
 l - 14 poisoned darts
Armour
 a - a +0 robe
 c - a +0 leather armour (worn)
 i - a +0 kite shield
Scrolls
 h - a scroll of vulnerability
Potions
 g - a potion of brilliance {unknown}
 k - a potion of heal wounds {unknown}
 m - a potion of flight {unknown}


   Skills:
 + Level 2.0 Fighting
 * Level 1.8 Maces & Flails
 - Level 1.7 Dodging
 - Level 1.7 Stealth
 - Level 2.0 Spellcasting
 + Level 5.1 Necromancy


You had 3 spell levels left.
You knew the following spells:

 Your Spells              Type           Power      Damage    Failure   Level
a - Pain                  Necr           76%        1d7       3%          1
b - Vampiric Draining     Necr           9%         2d7       11%         3

Your spell library contained the following spells:

 Spells                   Type           Power      Damage    Failure   Level
 Animate Skeleton         Necr           38%        N/A       3%          1
 Animate Dead             Necr           9%         N/A       34%         4
 Agony                    Necr           19%        N/A       67%         5


Dungeon Overview and Level Annotations

Branches:
Dungeon (4/15)
 Temple: D:4-7

Altars:
Gozag

Annotations:
D:2 Sigmund


Innate Abilities, Weirdness & Mutations

You have large cloven feet.
You are surrounded by a mild repulsion field. (EV +2)
You are weak. (Str -2)


Message History

Confirm with . or Enter, or press ? or * to list all spells.
You don't have enough magic to cast this spell.
You closely miss the scorpion.
The scorpion is severely wounded.
You feel very sick. The scorpion barely misses you. The scorpion stings you.
You closely miss the scorpion. You kick the scorpion.
The scorpion is severely wounded.
You feel sick. The scorpion stings you.
You feel sick. The scorpion stings you.
You feel sick.
You feel sick.
Casting: Vampiric Draining (quite dangerous; 11% risk of failure)
Confirm with . or Enter, or press ? or * to list all spells.
The spell is quite dangerous to cast (11% risk of failure)!
Continue anyway?
Aiming: Vampiric Draining (quite dangerous; 11% risk of failure)
Press: ? - help, Shift-Dir - straight line, f/p - scorpion
Aim: a scorpion (severely wounded)
You draw life force from the scorpion.
You feel life coursing into your body.
You feel sick.
The scorpion stings you but does no damage.
You feel protected.
You feel sick.
You are no longer poisoned.
The scorpion stings you.
* * * LOW HITPOINT WARNING * * *
You are lethally poisoned!
The scorpion poisons you!
* * * LOW HITPOINT WARNING * * *
You feel very sick. The scorpion stings you.
* * * LOW HITPOINT WARNING * * *
You feel better. The scorpion closely misses you.
You closely miss the scorpion.
You kick the scorpion, but do no damage.
The scorpion is almost dead.
The scorpion barely misses you. The scorpion stings you!
You die...
Your body crumbles into a pile of gold.

#### # #.. .#
#.#####.######
#########.............
.............>........
########.#.............
.......<.#.............
########+#.............
#.....@s...........
#..................
#.........$........
####...............
#...............
#........#######
#........# #........#
#........#


You could see a scorpion.

Vanquished Creatures
  A gnoll (D:1)
  2 adders (D:3)
  A worm (D:2)
  A ball python (D:3)
  11 bats
  5 endoplasms
  A giant cockroach (D:1)
  8 goblins
  3 hobgoblins (D:1)
  3 jackals (D:2)
  A quokka (D:3)
  2 frilled lizards
  3 kobolds
  4 rats
46 creatures vanquished.

Notes
Turn   | Place    | Note
-------+----------+-------------------------------------------
     0 | D:1      | freelancePsychic the Demonspawn Necromancer began the quest
                  | for the Orb.
     0 | D:1      | Reached XP level 1. HP: 13/13 MP: 3/3
   126 | D:1      | Reached skill level 1 in Fighting
   126 | D:1      | Gained mutation: You are surrounded by a mild repulsion
                  | field. (EV +2) [demonic ancestry]
   126 | D:1      | Reached XP level 2. HP: 16/21 MP: 0/5
   991 | D:1      | Gained mutation: You have large cloven feet. [demonic
                  | ancestry]
   991 | D:1      | Reached XP level 3. HP: 25/26 MP: 6/6
  1017 | D:1      | Reached skill level 1 in Maces & Flails
  1268 | D:1      | Learned a level 3 spell: Vampiric Draining
  1971 | D:2      | Reached skill level 5 in Necromancy
  2070 | D:2      | Found an opulent altar of Gozag.
  2076 | D:2      | Became a worshipper of Gozag Ym Sagoz the Greedy
  2275 | D:2      | Noticed Sigmund
  2307 | D:2      | Gained mutation: You are weak. (Str -2) [potion of
                  | mutation]
  2953 | D:3      | Reached XP level 4. HP: 29/33 MP: 2/7
  3696 | D:4      | Noticed a scorpion
  3714 | D:4      | HP: 1/33 [scorpion (3)]
  3717 | D:4      | Slain by a scorpion

Illustrated notes

Levels and vault maps discovered:
D:1:      minmay_arrival_radiant_lines, layout_loops_ring,
          minmay_misc_feat_tower, chequers_big_river, minmay_misc_feat_encased,
          minmay_cut_off
D:2:      layout_basic, basic_altar, chequers_ecumenical_altar_simple,
          uniq_sigmund
D:3:      layout_basic, chequers_mini_garden, nicolae_underground_beach
D:4:      layout_basic, kennysheep_mini_moat, jmf_multi_god_temple

Skill      XL: |  1  2  3  4 |
---------------+-------------+-----
Fighting       | 1 2 |  2.0
Maces & Flails | 1 |  1.8
Necromancy     | 5 |  5.1
Dodging        | |  1.7
Stealth        | |  1.7
Spellcasting   | |  2.0

Action                   |  1- 3 |  4- 6 || total
-------------------------+-------+-------++-------
Melee: Flail             |    63 |    18 ||    81
       Kick              |     4 |     5 ||     9
 Cast: Pain              |    52 |     4 ||    56
       Vampiric Draining |     1 |     2 ||     3
  Use: Potion            |     2 |     2 ||     4
       Scroll            |       |     4 ||     4
 Stab: Sleeping          |     1 |       ||     1
Armor: Robe              |    21 |       ||    21
       Leather armour    |     2 |    10 ||    12
Dodge: Dodged            |    66 |    25 ||    91

Table legend: (Time is in decaauts)
 A = Elapsed time spent in this place.
 B = Non-inter-level travel time spent in this place.
 C = Inter-level travel time spent in this place.
 D = Time resting spent in this place.
 E = Time spent auto-exploring this place.
 F = Levels seen in this place.
 G = Mean time per level.
                   A        B        C        D        E       F      G
               +--------+--------+--------+--------+--------+-----+--------+
         Total |   3755 |   3635 |    120 |    290 |   2885 |   4 |  938.8 |
       Dungeon |   3755 |   3635 |    120 |    290 |   2885 |   4 |  938.8 |
               +--------+--------+--------+--------+--------+-----+--------+

Top non-repeatable levels by time:
     D:3: 1371 daAuts
     D:1: 1319 daAuts
     D:2: 1034 daAuts
     D:4: 29 daAuts
